AoeStats
← pickneo

Arabia

505908876Analyzed
4v4 RM · 20d ago on Sep 11, 2026· 44m 51s· 8 players
Game mode
Random Map
Map size
Large (8 player)
Population
200
Speed
Normal
Resources
Standard
Victory
Conquest
Starting age
Dark Age
Ending age
Imperial Age
RankedLock teamsTeams togetherTeam positionsShared explorationLock speedFull tech treeHidden civsTurbo modeCheats
Victory
Defeat
🇪🇸 Mongols · Spain
988
+13
🇮🇪 Ethiopians · Ireland
969
+14
🇧🇷 Malians · Brazil
967
+14
🇲🇾 Poles · Malaysia
840
+20
🇦🇷 Cumans · Argentina
971
-17
🇨🇳 Bohemians · China
922
-15
🇵🇪 Turks · Peru
912
-15
🇨🇳 Huns · China
893
-14
asaenzb16_1
4:37 Loom
11:46 Feudal Age
13:02 Wheelbarrow
12:17 Double-Bit Axe
19:20 Castle Age
20:21 Hand Cart
20:38 Bow Saw
20:35 Stone Mining
24:33 Horse Collar
25:52 Town Watch
27:16 Gold Mining
28:35 Gold Shaft Mining
29:25 Bloodlines
29:18 Husbandry
29:18 Fletching
29:36 Scale Barding Armor
30:13 Heavy Plow
33:45 Imperial Age
34:33 Chain Barding Armor
34:10 Bodkin Arrow
34:26 Forging
34:17 Padded Archer Armor
34:47 Conscription
meyerowitz
11:47 Feudal Age
17:13 Castle Age
15:37 Double-Bit Axe
15:35 Horse Collar
19:27 Loom
20:29 Bow Saw
25:27 Heavy Plow
28:07 Wheelbarrow
27:48 Town Watch
30:50 Ballistics
31:33 Chemistry
33:58 Imperial Age
31:24 Pikeman
42:04 Halberdier
pickneo
10:34 Feudal Age
19:59 Castle Age
26:04 Husbandry
26:14 Bloodlines
34:30 Masonry
41:38 Masonry
44:42 Horse Collar
44:49 Double-Bit Axe
ADORNI
8:33 Loom
13:05 Feudal Age
23:30 Castle Age
q721372930
12:46 Feudal Age
11:02 Loom
14:05 Double-Bit Axe
14:04 Horse Collar
21:22 Castle Age
19:55 Scale Mail Armor
19:48 Stone Mining
19:53 Gold Mining
25:14 Wheelbarrow
27:59 Heavy Plow
30:31 Bow Saw
34:10 Forging
37:09 Hand Cart
40:02 Imperial Age
38:34 Gold Shaft Mining
38:36 Stone Shaft Mining
38:42 Chain Mail Armor
39:03 Iron Casting
42:57 Conscription
42:38 Torsion Engines
42:47 Siege Engineers
43:04 Ballistics
43:47 Chemistry
42:19 Capped Ram
45:07 Two-Man Saw
44:06 Siege Ram
Karthusxx
9:06 Feudal Age
8:59 Loom
9:32 Double-Bit Axe
17:06 Town Watch
20:07 Castle Age
18:51 Scale Barding Armor
20:44 Forging
21:09 Horse Collar
22:53 Bloodlines
22:44 Husbandry
33:31 Imperial Age
34:48 Padded Archer Armor
34:40 Fletching
36:03 Leather Archer Armor
35:58 Thumb Ring
36:21 Parthian Tactics
37:03 Chemistry
37:36 Fervor
37:53 Conscription
38:47 Ballistics
39:51 Bow Saw
41:12 Wheelbarrow
41:10 Elite Mangudai
42:12 Bodkin Arrow
Blues_1111
0:44 Loom
15:18 Feudal Age
17:06 Stone Mining
17:10 Double-Bit Axe
23:10 Castle Age
21:05 Horse Collar
23:27 Gold Mining
24:43 Bow Saw
24:37 Heavy Plow
27:09 Wheelbarrow
27:08 Szlachta Privileges
27:35 Husbandry
32:23 Imperial Age
30:16 Hand Cart
31:59 Scale Barding Armor
32:57 Bloodlines
33:31 Conscription
34:40 Lechitic Legacy
38:31 Crop Rotation
38:50 Chain Barding Armor
38:44 Light Cavalry
39:07 Light Cavalry
40:36 Forging
40:08 Winged Hussar
44:59 Iron Casting
HaweN
9:50 Feudal Age
10:03 Loom
19:12 Castle Age
17:24 Double-Bit Axe
19:14 Arson
19:24 Gold Mining
20:08 Fletching
20:45 Stone Mining
21:00 Scale Mail Armor
30:56 Wheelbarrow
31:38 Forging
31:35 Squires
37:00 Imperial Age
35:48 Hand Cart
36:25 Horse Collar
38:11 Capped Ram
41:05 Gold Shaft Mining
40:46 Bow Saw
42:34 Town Watch
43:29 Stone Shaft Mining
42:51 Cavalier
43:36 Man-at-Arms
43:38 Pikeman
45:39 Iron Casting
45:19 Chain Mail Armor
Connection lost

Rejoining the realm…

Still unreachable

The connection could not be restored.

Session expired

The server has moved on; the page needs a fresh start.